 Dungeon Crawl Stone Soup version 0.27-a0-978-g2aa4ecdaef (webtiles) character file.

Game seed: 3665489661267428428

34634 porpoise the Fighter (level 13, -6/103 HPs)
             Began as a Djinni Venom Mage on Apr 15, 2021.
             Was an Elder of Makhleb.
             Killed from afar by a gargoyle (18 damage)
             ... with a stone arrow
             ... in a volcano.
             The game lasted 01:24:01 (25312 turns).

porpoise the Fighter (Djinni Venom Mage)           Turns: 25312, Time: 01:24:01

Health: -6/103     AC:  8    Str:  7    XL:     13   Next: 78%
Gold:   1001       EV: 15    Int: 21    God:    Makhleb [****..] SH:  6 Dex: 15

rFire    + + +     SeeInvis +   a - +6 short sword "Giantslayer" {vorpal, rCorr Stlth+}
rCold    . . .     Faith    .   y - +0 buckler
rNeg     . . .     Spirit   .   m - +2 robe {rC+ rF+}
rPois    ∞         Reflect  .   n - +2 hat
rElec    .         Harm     .   C - +1 cloak {Stlth+}
rCorr    +         Rampage  .   (no gloves)
Will     +....                  (boots unavailable)
Stlth    +++++.....             (no amulet)
HPRegen  0.27/turn              N - ring of see invisible
MPRegen  0.00/turn              (no ring)

@: flying
A: fire resistance 2, cold vulnerability 1, float, innate caster, hp casting,
extra vitality 1
a: Renounce Religion, Minor Destruction, Lesser Servant of Makhleb, Major
Destruction


You were in a volcano.
You worshipped Makhleb.
Makhleb was greatly pleased with you.
You visited 3 branches of the dungeon, and saw 17 of its levels.
You also visited: Volcano.

You collected 1067 gold pieces.
You spent 66 gold pieces at shops.

Inventory:

Hand Weapons
 a - the +6 short sword "Giantslayer" (weapon) {vorpal, rCorr Stlth+}
   (You found it on level 5 of the Dungeon)

   It inflicts extra damage upon your enemies.
   It protects you from acid and corrosion.
   It makes you more stealthy.
 b - a +1 hunting sling
Missiles
 c - 39 stones
 f - 52 sling bullets
 i - 29 arrows
 o - 2 curare-tipped darts
Armour
 m - a +2 robe of resistance (worn)
 n - a +2 hat (worn)
 y - a +0 buckler (worn)
 C - a +1 cloak of stealth (worn)
Jewellery
 N - a ring of see invisible (left hand)
Wands
 h - a wand of digging (8)
 k - a wand of flame (33)
 B - a wand of iceblast (13)
 G - a wand of acid (9)
 J - a wand of charming (9)
 S - a wand of mindburst (26)
Scrolls
 d - 8 scrolls of teleportation
 e - a scroll of vulnerability {unknown}
 p - a scroll of fog {unknown}
 q - a scroll of blinking
 s - 2 scrolls of magic mapping
 F - a scroll of brand weapon {unknown}
 Q - 2 scrolls of identify
Potions
 g - a potion of attraction
 j - a potion of brilliance
 t - 5 potions of curing
 z - 5 potions of haste
 E - a potion of invisibility
 H - a potion of heal wounds


   Skills:
 + Level 13.3 Fighting
 - Level 7.0 Dodging
 - Level 7.0 Stealth
 - Level 7.0 Shields
 + Level 9.9 Spellcasting
 - Level 7.0 Invocations
 - Level 7.0 Evocations


You couldn't memorise any spells.
You knew the following spells:

 Your Spells              Type           Power      Damage    Failure   Level
a - Sting                 Tmut/Pois      100%       1d8       1%          1
b - Searing Ray           Conj           100%       3d7       1%          2
c - Confusing Touch       Hex            51%        N/A       1%          3
d - Manifold Assault      Tloc           51%        N/A       3%          5
i - Ignite Poison         Fire/Tmut/Pois 51%        N/A       1%          3
l - Summon Lightning Spi  Summ/Air       51%        N/A       1%          4
m - Mephitic Cloud        Conj/Pois/Air  51%        N/A       1%          3
o - Olgreb's Toxic Radia  Pois           51%        N/A       1%          4
s - Shock                 Conj/Air       100%       1d9       1%          1
t - Tukima's Dance        Hex            51%        N/A       1%          3
v - Poisonous Vapours     Pois/Air       100%       N/A       1%          2
Your spell library was empty.

Dungeon Overview and Level Annotations

Branches:
Dungeon (12/15)            Temple (1/1) D:5            Lair (4/6) D:9
  Swamp (0/4) Lair:4        Snake (0/4) Lair:4          Orc (0/2) D:10
Volcano (1/1)

Altars:
Ashenzari
Cheibriados
Dithmenos
Elyvilon
Fedhas
Gozag
Hepliaklqana
Kikubaaqudgha
Makhleb
Nemelex Xobeh
Okawaru
Qazlal
Ru
Sif Muna
Trog
Uskayaw
Vehumet
Wu Jian
Xom
Yredelemnul
Zin
The Shining One
Beogh
Jiyva

Shops:
D:2 =*[!

Portals:
Trove: D:11 (give +4 demon blade)

Annotations:
D:2 /dig for shop
Lair:3 3 runed translucent doors, UncommonGray's ghost, journeyman DjWz


Innate Abilities, Weirdness & Mutations

You are immune to poison.
Your flesh is very heat resistant. (rF++)
You are vulnerable to cold. (rC-)
You float through the air rather than walking.
You learn spells naturally, not from books.
Your magical power is your life essence.
You have superior vitality. (+4 HP)


Message History

Casting: Searing Ray (safe; 1% risk of failure)
Confirm with . or Enter, or press ? or * to list all spells.
Aiming: Searing Ray (safe; 1% risk of failure)
Press: ? - help, Shift-Dir - straight line, f/p - gargoyle
Aim: a gargoyle, wielding a +0 flail (lava, moderately damaged, ally target, 8% to evade)
The searing ray hits the gargoyle!
The gargoyle is severely damaged. (Press . to maintain the ray.)
The searing ray hits the gargoyle but does no damage.
The gargoyle is severely damaged.
The searing ray hits the gargoyle but does no damage.
The gargoyle is severely damaged.
The searing ray hits the gargoyle.
The gargoyle is severely damaged.
* * * LOW HITPOINT WARNING * * *
You finish channeling your searing ray.
The gargoyle closely misses you.
Your lightning spire shoots out a bolt of lightning at the gargoyle!
The bolt of electricity hits the gargoyle.
The gargoyle resists.
You hit the gargoyle but do no damage.
The gargoyle is almost destroyed.
The gargoyle hits you with a +0 flail!
* * * LOW HITPOINT WARNING * * *
Casting: Searing Ray (safe; 1% risk of failure)
Confirm with . or Enter, or press ? or * to list all spells.
Aiming: Searing Ray (safe; 1% risk of failure)
Press: ? - help, Shift-Dir - straight line, f/p - gargoyle
Aim: a gargoyle, wielding a +0 flail (almost destroyed, ally target, 8% to evade)
The searing ray hits the gargoyle but does no damage.
The gargoyle is almost destroyed. (Press . to maintain the ray.)
* * * LOW HITPOINT WARNING * * *
The gargoyle hits you with a +0 flail.
* * * LOW HITPOINT WARNING * * *
The searing ray hits the gargoyle but does no damage.
The gargoyle is severely damaged.
* * * LOW HITPOINT WARNING * * *
The gargoyle hurls a stone arrow at you.
The stone arrow hits you!!
You die...

§.§.§.≈§≈≈≈§≈≈≈≈≈§≈≈≈§≈≈§≈≈≈≈≈≈≈§
....≈≈§§≈§§≈≈≈≈≈≈≈§§≈§≈≈≈§≈≈§≈§≈≈
.....§§§≈≈§§≈≈≈§≈§≈≈§≈≈§≈≈≈≈≈≈§≈≈
.....§§§§.§≈§≈≈§≈≈≈≈≈§≈≈≈§≈≈≈≈§§≈
#......§...§≈≈§§≈≈≈§≈§§≈≈≈≈≈..§≈.
###...........≈≈≈.≈≈≈≈§≈≈≈.......
#######........................
####....9........8..#####
###..@8.........## #
###############


You could see a gargoyle (ally target) and a friendly lightning spire
(summoned).

Vanquished Creatures
  A boulder beetle (Lair:3)
  A hydra (Lair:1)
  3 two-headed ogres
  6 death yaks (Lair:3)
  Urug (D:12)
  A cyclops (D:12)
  A will-o-the-wisp (Lair:4)
  A black mamba (Lair:2)
  10 cane toads
  2 gargoyles
  An efreet (Volcano)
  A rime drake (Lair:3)
  3 komodo dragons
  2 trolls (D:12)
  Prince Ribbit (D:6)
  A hornet (Lair:3)
  8 blink frogs (Lair:3)
  A wraith (D:12)
  A spriggan (Lair:3)
  A wyvern (Lair:2)
  37 yaks
  4 fire bats
  2 fire elementals (Volcano)
  8 vampire mosquitoes
  2 steam dragons
  3 acid dragons
  5 water moccasins
  A black bear (D:8)
  10 orc warriors
  A necrophage (D:8)
  40 wolves (Lair:3)
  An ogre (D:7)
  3 centaurs
  3 phantoms
  2 kobold brigands
  6 bullfrogs
  2 scorpions (D:5)
  A wyvern zombie (D:8)
  2 wyvern skeletons (D:5)
  4 wights (D:2)
  4 howler monkeys
  A bullfrog skeleton (D:5)
  6 centaur zombies
  5 lava snakes (Volcano)
  7 orc priests
  3 jellies
  2 gnoll shamans (D:5)
  Crazy Yiuf (D:6)
  Jessica (D:2)
  A centaur skeleton (D:5)
  4 iguanas
  10 orc wizards
  5 hell rats (Lair:2)
  2 scorpion zombies (D:5)
  Robin (D:2)
  4 howler monkey zombies
  11 gnolls (D:5)
  9 adders
  A white imp (D:7)
  An adder skeleton (D:4)
  A worm (D:2)
  A dart slug (D:1)
  37 orcs
  7 ball pythons
  8 endoplasms
  2 giant cockroaches (D:3)
  16 goblins
  7 hobgoblins
  6 jackals (D:3)
  8 kobolds
  2 quokkas
  5 bats
  A frilled lizard (D:1)
  2 rats
366 creatures vanquished.

Vanquished Creatures (collateral kills)
  2 two-headed ogres (D:10)
  An ugly thing (D:11)
  Maggie (D:6)
  A cane toad (Lair:2)
  A yak (D:10)
  An orc (D:12)
7 creatures vanquished.

Vanquished Creatures (others)
  8 foxfires (Lair:4)
  13 fungi
  11 plants
32 creatures vanquished.

Grand Total: 405 creatures vanquished

Notes
Turn   | Place    | Note
-------+----------+-------------------------------------------
     0 | D:1      | porpoise the Djinni Venom Mage began the quest for the Orb.
     0 | D:1      | Reached XP level 1. HP: 15/15 MP: 0/0
   336 | D:1      | Reached skill level 1 in Fighting
   336 | D:1      | Reached XP level 2. HP: 21/22 MP: 0/0
  1202 | D:2      | Reached XP level 3. HP: 11/28 MP: 0/0
  1202 | D:2      | Learned a level 1 spell: Shock
  1507 | D:2      | Noticed Robin
  1541 | D:2      | Killed Robin
  1542 | D:2      | Reached skill level 2 in Fighting
  2081 | D:2      | Reached XP level 4. HP: 30/34 MP: 0/0
  2285 | D:2      | Found Godurgho's Jewellery Shop.
  2297 | D:2      | Found Vuuhyduma's Assorted Antiques.
  2300 | D:2      | Bought a runed robe for 66 gold pieces
  2511 | D:2      | Found Buwuocle's Armour Emporium.
  2681 | D:2      | Found Tukk's Distillery.
  2868 | D:2      | Found a glowing golden altar of the Shining One.
  2903 | D:2      | Reached skill level 3 in Fighting
  2903 | D:2      | Reached XP level 5. HP: 24/40 MP: 0/0
  2903 | D:2      | Learned a level 2 spell: Searing Ray
  2904 | D:2      | Noticed Jessica
  3272 | D:2      | Reached skill level 4 in Fighting
  3272 | D:2      | Reached XP level 6. HP: 35/47 MP: 0/0
  3367 | D:2      | Killed Jessica
  4268 | D:3      | Found a faded altar of an unknown god.
  5058 | D:4      | Found an iron altar of Okawaru.
  5072 | D:4      | Found a white marble altar of Elyvilon.
  5074 | D:4      | Found a glowing silver altar of Zin.
  5099 | D:4      | Reached XP level 7. HP: 48/53 MP: 0/0
  5099 | D:4      | Learned a level 3 spell: Tukima's Dance
  5100 | D:4      | Reached skill level 5 in Spellcasting
  5521 | D:4      | Reached skill level 5 in Fighting
  5937 | D:5      | Entered Level 5 of the Dungeon
  6201 | D:5      | Found a staircase to the Ecumenical Temple.
  6233 | Temple   | Entered the Ecumenical Temple
  6425 | Temple   | Became a worshipper of Makhleb the Destroyer
  6634 | D:5      | Reached skill level 6 in Fighting
  6634 | D:5      | Reached XP level 8. HP: 38/61 MP: 0/0
  7851 | D:5      | Identified the +6 short sword "Giantslayer" {vorpal, rCorr
                  | Stlth+}
  7946 | D:5      | Reached skill level 7 in Fighting
  8428 | D:6      | Noticed Prince Ribbit
  8433 | D:6      | Killed Prince Ribbit
  8472 | D:6      | Found a snail-covered altar of Cheibriados.
  8567 | D:6      | Found a runed translucent door.
  8568 | D:6      | Noticed Crazy Yiuf
  8576 | D:6      | Killed Crazy Yiuf
  8577 | D:6      | Reached XP level 9. HP: 55/68 MP: 0/0
  8577 | D:6      | Learned a level 3 spell: Confusing Touch
  8739 | D:6      | Reached skill level 1 in Shields
  9142 | D:6      | Noticed Maggie
  9151 | D:6      | Killed Maggie
  9152 | D:6      | Reached skill level 5 in Dodging
  9583 | D:7      | Reached skill level 1 in Invocations
 10079 | D:7      | Found an ornate altar of the Wu Jian Council.
 10079 | D:7      | Found a sacrificial altar of Ru.
 10370 | D:7      | Reached skill level 1 in Evocations
 11316 | D:8      | Reached skill level 5 in Invocations
 11316 | D:8      | Reached XP level 10. HP: 57/75 MP: 0/0
 11650 | D:8      | Reached skill level 5 in Evocations
 12855 | D:9      | Found a staircase to the Lair.
 12890 | D:9      | Reached * piety under Makhleb
 13147 | D:9      | Reached skill level 8 in Fighting
 13733 | D:10     | Entered Level 10 of the Dungeon
 14053 | D:10     | Reached skill level 5 in Stealth
 14098 | D:10     | Reached skill level 9 in Fighting
 14300 | D:10     | Found a staircase to the Orcish Mines.
 14659 | D:10     | Noticed a two-headed ogre
 14665 | D:10     | Killed a two-headed ogre
 14666 | D:10     | Reached XP level 11. HP: 83/84 MP: 0/0
 14666 | D:10     | Learned a level 4 spell: Summon Lightning Spire
 14712 | D:10     | Noticed a two-headed ogre
 14721 | D:10     | Killed a two-headed ogre
 14940 | D:10     | Noticed a two-headed ogre
 14944 | D:10     | Killed a two-headed ogre
 14950 | D:10     | Reached ** piety under Makhleb
 15473 | D:11     | Reached skill level 10 in Fighting
 15906 | D:11     | Found a portal to a secret trove of treasure.
 16082 | D:11     | Noticed a cyan ugly thing
 16096 | D:11     | Killed a cyan ugly thing
 17212 | D:12     | Reached skill level 11 in Fighting
 17494 | D:12     | Noticed a two-headed ogre
 17506 | D:12     | Killed a two-headed ogre
 17768 | D:12     | Noticed a two-headed ogre
 17770 | D:12     | Killed a two-headed ogre
 17771 | D:12     | Reached XP level 12. HP: 95/95 MP: 0/0
 17947 | D:12     | Reached skill level 12 in Fighting
 18117 | D:12     | Noticed Urug
 18120 | D:12     | Killed Urug
 18508 | Lair:1   | Entered Level 1 of the Lair of Beasts
 18598 | Lair:1   | Reached skill level 5 in Shields
 20026 | Lair:1   | Noticed a six-headed hydra
 20039 | Lair:1   | Killed a six-headed hydra
 21143 | Lair:2   | Reached *** piety under Makhleb
 22836 | Lair:3   | Noticed a death yak
 22978 | Lair:3   | Noticed a death yak
 22982 | Lair:3   | Noticed a death yak
 22983 | Lair:3   | Killed a death yak
 22983 | Lair:3   | Noticed a death yak
 22984 | Lair:3   | Noticed a death yak
 22986 | Lair:3   | Noticed a death yak
 22988 | Lair:3   | Killed a death yak
 22988 | Lair:3   | Killed a death yak
 22989 | Lair:3   | Reached XP level 13. HP: 101/101 MP: 0/0
 22989 | Lair:3   | Learned a level 5 spell: Manifold Assault
 23176 | Lair:3   | Reached **** piety under Makhleb
 23938 | Lair:3   | Found a runed translucent gate.
 23938 | Lair:3   | Found a runed translucent gate.
 23938 | Lair:3   | Found a runed translucent gate.
 23939 | Lair:3   | Noticed a quicksilver ooze
 23941 | Lair:3   | Found a viscous altar of Jiyva.
 23941 | Lair:3   | Noticed UncommonGray's ghost (journeyman DjWz)
 23951 | Lair:3   | Reached skill level 13 in Fighting
 24581 | Lair:4   | Found a staircase to the Swamp.
 24835 | Lair:4   | Found a dark tunnel.
 24844 | Volcano  | Entered a volcano
 25244 | Volcano  | Found a burning altar of Makhleb.
 25249 | Volcano  | Noticed a stone giant
 25304 | Volcano  | HP: 4/103 [gargoyle/stone arrow (22)]
 25312 | Volcano  | Killed from afar by a gargoyle

Illustrated notes

Levels and vault maps discovered:
D:1:      grunt_arrival_lava_bath, layout_loops_corners, chequers_big_river,
          hangedman_glass_teeth, grunt_decor_cap
D:2:      layout_basic, basic_altar, serial_shops, nicolae_shop_behind_doors,
          shop, nicolae_shop_statue_plus, nicolae_shop_behind_doors, uniq_robin,
          uniq_jessica
D:3:      layout_basic, shapermc_ecumenical_altar_totnotflames
D:4:      layout_basic, grunt_temple_overflow_open
D:5:      layout_basic, minmay_temple_entry_mist, st_stairs_4,
          grunt_decor_arrowhead, minmay_stone_trees_small
D:6:      layout_basic, lemuel_doored_altar, uniq_crazy_yiuf_cottage,
          uniq_prince_ribbit1, uniq_maggie
D:7:      layout_loops_corners, jmf_multi_god_temple,
          minmay_misc_feat_nine_boxes, chequers_serial_rivers_micro_d
D:8:      layout_gridville
D:9:      layout_roguey, dpeg_oklobed_lair
D:10:     layout_cross, david_orc_5, hangedman_decor_diamond_cutter
D:11:     layout_rooms, enter_trove_0, eino_tiny_chamber, lemuel_blue_sif_altar
D:12:     layout_loops_corners, uniq_urug
Temple:   regret_index_temple_sphere_string
Lair:1:   layout_roguey
Lair:2:   layout_layer_cave, lemuel_fruit_fields
Lair:3:   layout_regular_city, gammafunk_ghost_endoplasm,
          grunt_forest_large_clearings
Lair:4:   layout_concentric_octagons, minmay_swamp_entry_wisps,
          guppyfry_snake_entry_garden, nicolae_volcano_entry_batcave,
          lemuel_fruit_fields, uniq_josephine
Volcano:  volcano_lake [vl_original]

Skill      XL: |  1  2  3  4  5  6  7  8  9 10 11 12 13 |
---------------+----------------------------------------+-----
Fighting       | 1 2 3 4 6 7 9 11 12 13 | 13.3
Spellcasting   | 3 4 5 7 9 |  9.9
Dodging        | 4 5 7 |  7.0
Shields        | 4 7 |  7.0
Invocations    | 5 7 |  7.0
Evocations     | 4 5 7 |  7.0
Stealth        | 5 6 7 |  7.0

Action                   |  1- 3 |  4- 6 |  7- 9 | 10-12 | 13-15 || total
-------------------------+-------+-------+-------+-------+-------++-------
Melee: Unarmed           |     3 |       |       |       |       ||     3
       Dagger            |    12 |    40 |     4 |       |       ||    56
       Long sword        |       |     1 |       |       |       ||     1
       Short sword       |       |       |     4 |    14 |    11 ||    29
 Fire: Hunting sling     |       |       |    18 |    73 |     5 ||    96
 Cast: Sting             |    30 |     3 |       |       |       ||    33
       Shock             |     9 |     4 |       |     2 |       ||    15
       Ignite Poison     |     1 |     3 |    24 |    78 |    28 ||   134
       Mephitic Cloud    |     1 |     1 |     4 |    12 |       ||    18
       Poisonous Vapours |       |    31 |    24 |    10 |     1 ||    66
       Searing Ray       |       |    11 |    36 |    74 |    26 ||   147
       Olgreb's Toxic Ra |       |       |     8 |    38 |    23 ||    69
       Tukima's Dance    |       |       |     2 |       |       ||     2
       Summon Lightning  |       |       |       |     6 |     4 ||    10
       Confusing Touch   |       |       |       |       |     1 ||     1
Evoke: Wand              |       |       |       |       |     1 ||     1
  Use: Scroll            |       |     3 |     5 |     9 |     1 ||    18
       Potion            |       |       |       |       |     2 ||     2
 Stab: Sleeping          |     1 |     2 |       |       |     1 ||     4
       Confused          |     1 |       |     1 |       |     1 ||     3
Armor: Robe              |     8 |    16 |    13 |    47 |     3 ||    87
Dodge: Dodged            |     8 |    34 |    26 |    80 |    31 ||   179
Block: Buckler           |       |       |     2 |    37 |     8 ||    47

Table legend: (Time is in decaauts)
 A = Elapsed time spent in this place.
 B = Non-inter-level travel time spent in this place.
 C = Inter-level travel time spent in this place.
 D = Time resting spent in this place.
 E = Time spent auto-exploring this place.
 F = Levels seen in this place.
 G = Mean time per level.
                   A        B        C        D        E       F      G
               +--------+--------+--------+--------+--------+-----+--------+
         Total |  25318 |  24799 |    519 |  12092 |  10279 |  18 | 1406.6 |
       Dungeon |  18202 |  17821 |    381 |   8658 |   7628 |  12 | 1516.8 |
        Temple |    307 |    281 |     26 |    102 |    175 |   1 |  307.0 |
          Lair |   6340 |   6228 |    112 |   3184 |   2476 |   4 | 1585.0 |
       Volcano |    468 |    468 |      0 |    148 |      0 |   1 |  468.0 |
               +--------+--------+--------+--------+--------+-----+--------+

Top non-repeatable levels by time:
  Lair:2: 2397 daAuts
  Lair:1: 2059 daAuts
     D:2: 1926 daAuts
     D:5: 1877 daAuts
    D:11: 1588 daAuts
  Lair:3: 1568 daAuts
     D:9: 1557 daAuts
     D:1: 1541 daAuts
     D:3: 1470 daAuts
    D:12: 1460 daAuts
     D:8: 1455 daAuts
    D:10: 1450 daAuts
     D:7: 1425 daAuts
     D:6: 1298 daAuts
     D:4: 1151 daAuts
